 Dungeon Crawl Stone Soup version 0.27-a0-1555-g0e7b3fb1d2 (webtiles) character file.

Game seed: 12716708855891039970

6 DocClef the Covert (level 1, -5/23 HPs)
             Began as a Gnoll Delver on July 14, 2021.
             Slain by a water moccasin zombie (6 damage)
             ... on level 5 of the Dungeon.
             The game lasted 00:00:48 (275 turns).

DocClef the Covert (Gnoll Delver)                    Turns: 275, Time: 00:00:49

Health: -5/23      AC:  3    Str: 11    XL:     1   Next: 90%
Magic:  1/1        EV: 13    Int:  9    God:
Gold:   0          SH:  0    Dex: 13    Spells: 0/0 levels left

rFire    . . .     SeeInvis .   a - +0 mace
rCold    . . .     Faith    .   (no shield)
rNeg     . . .     Spirit   .   b - +0 leather armour
rPois    .         Reflect  .   (no helmet)
rElec    .         Harm     .   (no cloak)
rCorr    .         Rampage  .   (no gloves)
Will     .....                  (no boots)
Stlth    ++++......             (no amulet)
HPRegen  0.07/turn              (no ring)
MPRegen  0.07/turn              (no ring)

@: no status effects
A: fangs 1, strong nose, distributed training
a: no special abilities


You were on level 5 of the Dungeon.
You visited 1 branch of the dungeon, and saw 1 of its levels.

Inventory:

Hand Weapons
 a - a +0 mace (weapon)
Armour
 b - a +0 leather armour (worn)
Wands
 g - a wand of digging (3)
Scrolls
 c - a scroll of fog
 d - a scroll of magic mapping
 e - a scroll of fear
Potions
 f - a potion of haste


   Skills:
 + Level 6.4 Fighting
 + Level 0.2 Short Blades
 + Level 0.2 Long Blades
 + Level 0.2 Axes
 + Level 4.4 Maces & Flails
 + Level 0.2 Polearms
 + Level 0.2 Staves
 + Level 0.2 Slings
 + Level 0.2 Bows
 + Level 0.2 Crossbows
 + Level 0.2 Throwing
 + Level 0.2 Armour
 + Level 4.4 Dodging
 + Level 9.5 Stealth
 + Level 0.2 Shields
 + Level 0.2 Unarmed Combat
 + Level 0.2 Spellcasting
 + Level 0.1 Conjurations
 + Level 0.1 Hexes
 + Level 0.1 Summonings
 + Level 0.1 Necromancy
 + Level 0.1 Translocations
 + Level 0.1 Transmutations
 + Level 0.1 Fire Magic
 + Level 0.1 Ice Magic
 + Level 0.1 Air Magic
 + Level 0.1 Earth Magic
 + Level 0.1 Poison Magic
 + Level 0.3 Invocations
 + Level 0.2 Evocations


You couldn't memorise any spells.
You didn't know any spells.
Your spell library was empty.

Dungeon Overview and Level Annotations

Branches:
Dungeon (5/15)
 Temple: D:4-7

Altars:


Innate Abilities, Weirdness & Mutations

You have very sharp teeth.
Your uncanny sense of smell can sniff out nearby items.
Your experience applies equally to all skills.


Message History

The water moccasin zombie misses you.
The water moccasin zombie closely misses you.
You sock the water moccasin zombie!
The water moccasin zombie is lightly damaged.
The hound barks!
You hear an angry hiss.
The water moccasin zombie barely misses you.
The water moccasin hisses angrily.
You hit the water moccasin zombie.
The water moccasin zombie is moderately damaged.
You hear a shout!
The water moccasin zombie bites you.
A phantom comes into view.
The water moccasin zombie bites you.
You hear a shout!
You barely miss the water moccasin zombie.
The adder hisses angrily.
You bite the water moccasin zombie.
The water moccasin zombie is moderately damaged.
The hound misses you.
The water moccasin zombie barely misses you.
You completely miss the water moccasin zombie.
The water moccasin zombie is moderately damaged.
The hound bites you. The water moccasin zombie bites you.
* * * LOW HITPOINT WARNING * * *
The hound bites you but does no damage.
An iguana comes into view.
You barely miss the water moccasin zombie.
The water moccasin zombie is moderately damaged.
The iguana hisses angrily.
The water moccasin zombie completely misses you.
The hound bites you but does no damage. The water moccasin zombie misses you.
The hound barely misses you.
A gnoll comes into view. It is wielding a +0 spear.
The gnoll shouts!
You hit the water moccasin zombie.
The water moccasin zombie is heavily damaged.
The hound bites you.
* * * LOW HITPOINT WARNING * * *
The water moccasin zombie bites you.
You die...

..#!.. ∆ .#g
S.#.....#..8..#. ...
....=....888... #..
#.....#..8..# # ...
(...? .... .#
#.#####.#####.###..
WSS#.?#..#......
#h#.....#.#..#
#.@#.#.#..#..#
#..#Z....#...##
.....#..#..#...#
#......###.###...##
#...... ..........##
##.............#...###
##..........####....###
#.....#..### ###.....
#.......# #.....


You could see a phantom, a water moccasin, a hound, a gnoll, an adder and a
water moccasin zombie.

Vanquished Creatures
  3 orcs (D:5)
3 creatures vanquished.

Notes
Turn   | Place    | Note
-------+----------+-------------------------------------------
     0 | D:5      | Reached skill level 9 in Stealth
     0 | D:5      | DocClef the Gnoll Delver began the quest for the Orb.
     0 | D:5      | Reached XP level 1. HP: 23/23 MP: 1/1
    96 | D:5      | Noticed a water moccasin
   259 | D:5      | Noticed a water moccasin zombie
   265 | D:5      | Noticed a hound
   271 | D:5      | Noticed a phantom
   273 | D:5      | Noticed an iguana
   275 | D:5      | HP: 1/23 [hound (4)]
   275 | D:5      | Slain by a water moccasin zombie

Illustrated notes

Levels and vault maps discovered:
D:5:      layout_layer_cave, gammafunk_ghost_nasty_kobolds, serial_shops,
          nicolae_shop_crystal, minmay_chambers_of_fives, uniq_sigmund

Skill      XL: | |
---------------+-+-----
Stealth        | |  9.5
Fighting       | |  6.4
Short Blades   | |  0.2
Long Blades    | |  0.2
Axes           | |  0.2
Maces & Flails | |  4.4
Polearms       | |  0.2
Staves         | |  0.2
Slings         | |  0.2
Bows           | |  0.2
Crossbows      | |  0.2
Throwing       | |  0.2
Armour         | |  0.2
Dodging        | |  4.4
Shields        | |  0.2
Unarmed Combat | |  0.2
Spellcasting   | |  0.2
Conjurations   | |  0.1
Hexes          | |  0.1
Summonings     | |  0.1
Necromancy     | |  0.1
Translocations | |  0.1
Transmutations | |  0.1
Fire Magic     | |  0.1
Ice Magic      | |  0.1
Air Magic      | |  0.1
Earth Magic    | |  0.1
Poison Magic   | |  0.1
Invocations    | |  0.3
Evocations     | |  0.2

Action                   || total
-------------------------++-------
Melee: Mace              ||    23
       Bite              ||     2
Armor: Leather armour    ||     4
Dodge: Dodged            ||    22

Table legend: (Time is in decaauts)
 A = Elapsed time spent in this place.
 B = Non-inter-level travel time spent in this place.
 C = Inter-level travel time spent in this place.
 D = Time resting spent in this place.
 E = Time spent auto-exploring this place.
 F = Levels seen in this place.
 G = Mean time per level.
                   A        B        C        D        E       F      G
               +--------+--------+--------+--------+--------+-----+--------+
         Total |    279 |    279 |      0 |     52 |    157 |   1 |  279.0 |
       Dungeon |    279 |    279 |      0 |     52 |    157 |   1 |  279.0 |
               +--------+--------+--------+--------+--------+-----+--------+

Top non-repeatable levels by time:
     D:5: 279 daAuts
